 Dungeon Sprint DCSS version 0.20.1-1-g8b1a95d (webtiles) character file.

2200000 Crelarid the Talismancer (level 18, -25/122 HPs)
             Began as a Spriggan Artificer on Nov 29, 2017.
             Was an Elder of Makhleb.
             Killed from afar by a large bag of meat (33 damage)
             ... with an exploding inner flame
             ... in the Dungeon (Sprint VIII: "Arena of Blood").
             The game lasted 00:01:13 (22 turns).

Crelarid the Talismancer (Spriggan Artificer)         Turns: 22, Time: 00:01:13

Health: -25/122    AC:  2    Str:  8    XL:     18   Next: 14%
Magic:  6/36       EV: 44    Int: 12    God:    Makhleb [****..]
Gold:   0          SH:  0    Dex: 25    Spells: 17/17 levels left

rFire    . . .     SeeInvis +   m - +∞ Axe of Woe
rCold    . . .     Gourm    .   (shield currently unavailable)
rNeg     . . .     Faith    .   b - +0 robe
rPois    .         Spirit   .   (helmet restricted)
rElec    .         Reflect  .   (no cloak)
rCorr    .         Harm     .   (gloves unavailable)
MR       +++..     NoTele   +   (boots unavailable)
Stlth    ++++++++..             (no amulet)
Regen    0.3/turn               (no ring)
MPRegen  0.3/turn               (no ring)

@: very quick
A: unfitting armour, see invisible, herbivore 3, speed 3, slow metabolism 2
a: Minor Destruction, Lesser Servant of Makhleb, Major Destruction, Renounce
Religion


You were in the Dungeon.
You worshipped Makhleb.
Makhleb was greatly pleased with you.
You were not hungry.

You visited 1 branch

Inventory:

Hand Weapons
 a - a +0 short sword
 m - the +∞ Axe of Woe (weapon)
   (You found it in the Dungeon)
Armour
 b - a +0 robe (worn)
Wands
 c - a wand of flame (15/48)
 d - a wand of enslavement (15/24)
 e - a wand of random effects (15/48)
Scrolls
 l - a scroll of blinking
Potions
 g - a potion of curing
 h - a potion of heal wounds
 i - a potion of haste
 j - 2 potions of magic
 k - a potion of berserk rage
Comestibles
 f - a bread ration


   Skills:
 + Level 24.4 Fighting
 + Level 23.0 Short Blades
 + Level 26.7 Axes
 O Level 27 Dodging
 + Level 20.1 Stealth
 O Level 27 Evocations


You had 17 spell levels left.
You didn't know any spells.

Dungeon Overview and Level Annotations

Branches:
Dungeon (1/1)

Altars:
Makhleb


Innate Abilities, Weirdness & Mutations

You are very small and have problems with some larger weapons.
You are too small for most types of armour.
You have supernaturally acute eyesight. (SInv)
You are a herbivore.
You cover ground extremely quickly.
You need consume almost no food.


Message History

Increase (S)trength, (I)ntelligence, or (D)exterity?
You feel agile.
You hear a shout! x3
Unknown command.
You hear a shout! x5
The bag of meat hits you with a +9 war axe!!!
Items here: ))))) ===== †††† Unknown command.
You hear a shout! x3
The large bag of meat hits you with a +9 giant spiked club!!!
* * * LOW HITPOINT WARNING * * *
The large bag of meat hits you with a +9 giant spiked club!!
* * * LOW HITPOINT WARNING * * *
There is a staircase leading out of the dungeon, spattered with blood here.
Unknown command.
You slash the large bag of meat!
You cleave the large bag of meat in twain.
The large bag of meat explodes!
The fiery explosion engulfs you!
You die...

.. ..... #.
...# #.. ...# .
.###.. ...###..
......###......
......_.....
#§§§..# #§§@)_#
#§§§.o#
......_.o...
......###......
.###.O ...###..
#.. ...# . #.
...# .. .....


You could see a large bag of meat (inner flame) and 2 bags of meat.

Vanquished Creatures
  3 ogres (D)
  10 orcs (D)
13 creatures vanquished.

Notes
Turn   | Place    | Note
-------+----------+-------------------------------------------
     0 | D        | Crelarid the Spriggan Artificer began the quest for the Orb.
     0 | D        | Reached XP level 1. HP: 9/9 MP: 4/4
     3 | D        | Noticed a bag of meat
     3 | D        | Noticed a bag of meat
     4 | D        | Became a worshipper of Makhleb the Destroyer
     5 | D        | Noticed a bag of meat
     6 | D        | Noticed a bag of meat
     8 | D        | Noticed a bag of meat
     8 | D        | Noticed a meat berserker
     9 | D        | Noticed a bag of meat
     9 | D        | Noticed a bag of meat
    10 | D        | Noticed a meat berserker
    10 | D        | Killed a bag of meat
    10 | D        | Reached skill level 5 in Stealth
    10 | D        | Reached skill level 27 in Evocations
    10 | D        | Reached XP level 2. HP: 18/18 MP: 4/17
    10 | D        | Reached XP level 3. HP: 22/22 MP: 4/19
    10 | D        | Reached XP level 4. HP: 26/26 MP: 4/20
    10 | D        | Reached XP level 5. HP: 30/30 MP: 4/22
    10 | D        | Reached XP level 6. HP: 35/35 MP: 4/23
    10 | D        | Reached XP level 7. HP: 38/38 MP: 4/25
    10 | D        | Reached XP level 8. HP: 42/42 MP: 4/26
    10 | D        | Reached XP level 9. HP: 46/46 MP: 4/27
    10 | D        | Reached XP level 10. HP: 51/51 MP: 4/28
    10 | D        | Reached XP level 11. HP: 54/54 MP: 4/29
    10 | D        | Noticed a bag of meat
    11 | D        | Noticed a meat berserker
    11 | D        | Noticed a bag of meat
    11 | D        | Killed a bag of meat
    11 | D        | Reached * piety under Makhleb
    11 | D        | Reached XP level 12. HP: 63/63 MP: 4/30
    12 | D        | Noticed a bag of meat
    12 | D        | Killed a meat berserker
    12 | D        | Reached skill level 27 in Dodging
    12 | D        | Reached XP level 13. HP: 74/74 MP: 4/31
    12 | D        | Reached XP level 14. HP: 79/79 MP: 4/32
    12 | D        | Killed a bag of meat
    12 | D        | Reached skill level 15 in Short Blades
    12 | D        | Killed a bag of meat
    12 | D        | Reached ** piety under Makhleb
    12 | D        | Reached XP level 15. HP: 88/88 MP: 4/33
    13 | D        | Killed a meat berserker
    13 | D        | Reached XP level 16. HP: 38/100 MP: 5/34
    13 | D        | Reached *** piety under Makhleb
    14 | D        | Killed a meat berserker
    14 | D        | Reached XP level 17. HP: 100/110 MP: 5/35
    19 | D        | Noticed a large bag of meat
    19 | D        | Noticed a large bag of meat
    19 | D        | Reached **** piety under Makhleb
    19 | D        | Reached XP level 18. HP: 122/122 MP: 6/36
    22 | D        | Killed a large bag of meat
    22 | D        | Killed from afar by a large bag of meat

Skill      XL: |  1  2  3  4  5  6  7  8  9 10 11 12 13 14 15 16 17 |
---------------+----------------------------------------------------+-----
Fighting       | 4 7 11 14 18 21 24 | 24.4
Short Blades   | 6 9 13 16 19 21 23 | 23.0
Dodging        | 19 25 27 | 27.0
Stealth        | 5 8 12 14 17 18 20 | 20.1
Evocations     | 27 | 27.0
Axes           | 4 12 16 20 23 26 | 26.7

Action                   |  1- 3 |  4- 6 |  7- 9 | 10-12 | 13-15 | 16-18 || total
-------------------------+-------+-------+-------+-------+-------+-------++-------
Melee: Broad axe         |     1 |       |       |     2 |     1 |     4 ||     8
Dodge: Dodged            |       |       |       |     3 |     1 |       ||     4
